Map: Cañón polvoriento

Players

MrFercho - Winner!

  • Race: Terran Terran
  • League: Silver
  • Spawn Location: 11:00

tigro - Winner!

  • Race: Terran Terran
  • League: Bronze
  • Spawn Location: 9:00

BadBoyRoRo

  • Race: Terran Terran
  • Spawn Location: 3:00

Covid

  • Race: Terran Terran
  • Spawn Location: 5:00

VOD

Have the link to the VOD?

Description

Time

  • Played on: May 27, 2020, 11:31 p.m.
  • Length: 22:51
Show
View Real Time Build Order
Export as new Build Order

MrFercho Terran - Winner!

Build Orders:  

Get SALT Encoding   

  12  0:02  SCV  
  13  0:41  Command Center  
  13  0:58  SCV, Supply Depot  
  14  1:10  SCV  
  15  1:24  Barracks  
  15  1:30  SCV  
  16  1:42  SCV  
  17  1:54  SCV  
  17  1:56  Refinery  
  17  2:00  Refinery  
  18  2:03  Refinery  
  18  2:17  Engineering Bay x2  
  18  2:27  SCV  
  19  2:39  SCV  
  19  2:43  SCV  
  21  2:51  SCV  
  21  2:55  SCV  
  23  3:03  Terran Infantry Weapons Level 1  
  23  3:04  SCV  
  24  3:15  Factory  
  24  3:16  SCV  
  25  3:24  Marine  
  26  3:28  SCV  
  27  3:40  SCV  
  28  3:42  Marine  
  29  3:52  SCV  
  30  4:00  Marine  
  31  4:03  Refinery  
  31  4:04  SCV  
  31  4:05  Orbital Command  
  31  4:08  Terran Infantry Armor Level 1  
  32  4:17  SCV, Starport, Marine  
  32  4:34  Planetary Fortress  
  32  4:35  Marine  
  33  5:00  Starport  
  33  5:07  Starport  
  33  5:15  Supply Depot  
  33  5:16  Supply Depot  
  33  5:19  Barracks Reactor  
  33  5:27  Factory Tech Lab  
  33  5:30  Liberator  
  36  5:37  Medivac  
  36  5:38  Supply Depot  
  36  5:39  Supply Depot  
  38  5:43  SCV  
  39  5:53  SCV  
  39  5:55  SCV  
  41  6:00  Missile Turret  
  41  6:05  SCV  
  41  6:07  SCV  
  41  6:11  Bunker  
  43  6:17  SCV, Starport Tech Lab  
  43  6:18  Starport Tech Lab x2  
  44  6:19  SCV  
  44  6:21  Missile Turret  
  45  6:29  SCV  
  45  6:31  SCV  
  47  6:41  SCV  
  48  6:51  Missile Turret  
  48  6:53  SCV, Missile Turret  
  49  7:01  Missile Turret  
  49  7:05  SCV  
  38  7:13  Missile Turret  
  38  7:38  SCV  
  39  7:50  SCV  
  40  7:52  Supply Depot  
  40  8:00  Viking x3  
  40  8:03  SCV  
  47  8:15  SCV, Supply Depot  
  48  8:21  Missile Turret  
  48  8:27  SCV  
  48  8:29  Viking  
  48  8:30  Viking  
  48  8:32  Fusion Core  
  53  8:36  Armory  
  53  8:38  Supply Depot  
  53  8:39  SCV  
  54  8:43  Missile Turret  
  54  8:51  SCV  
  54  8:55  Viking  
  57  8:59  Viking  
  59  9:28  Advanced Ballistics  
  59  9:32  Cloaking Field  
  59  9:36  Hyperflight Rotors  
  59  9:42  Armory  
  59  9:43  Armory  
  59  9:49  Viking x3  
  65  10:19  Viking x2  
  69  10:21  Command Center  
  69  10:32  Marine  
  69  10:33  Marine  
  71  10:47  Rapid Reignition System  
  71  10:49  Terran Ship Weapons Level 1  
  71  10:50  Terran Vehicle And Ship Armor Level 1, Marine x2  
  73  11:01  Supply Depot  
  73  11:02  Supply Depot  
  73  11:08  Marine x2  
  75  11:12  Missile Turret  
  75  11:26  Marine x2  
  75  11:28  Supply Depot  
  77  11:34  Missile Turret, Command Center  
  74  12:37  Orbital Command  
  74  12:43  Viking  
  74  12:44  Viking x2  
  80  12:53  Terran Ship Weapons Level 2  
  80  13:13  Viking  
  80  13:14  Viking x2, Missile Turret  
  80  13:17  Missile Turret  
  86  13:35  Missile Turret  
  86  13:38  Command Center  
  86  13:40  Missile Turret  
  86  13:43  Viking x2  
  86  13:44  Viking  
  92  14:13  Viking x3  
  98  14:36  Orbital Command  
  98  14:43  Viking x3  
  104  14:51  Refinery  
  104  14:57  Terran Vehicle And Ship Armor Level 2  
  104  15:01  Weapon Refit  
  104  15:09  SCV  
  105  15:17  Refinery  
  105  15:21  SCV  
  106  15:33  SCV  
  107  15:45  SCV  
  96  15:58  SCV  
  79  16:24  Battlecruiser x3  
  95  17:28  Battlecruiser  
  95  17:29  Battlecruiser x2  
  98  18:32  Battlecruiser  
  98  18:33  Battlecruiser x2  
  106  19:01  Orbital Command  
  106  19:37  Battlecruiser x3  
  116  20:41  Battlecruiser  
  122  20:50  SCV  
  123  21:02  SCV  
  124  21:14  SCV  
  125  21:26  SCV  
  126  21:38  SCV  
  121  22:14  Refinery  
  115  22:16  SCV, Refinery  
  116  22:28  SCV  
Show
View Real Time Build Order
Export as new Build Order

tigro Terran - Winner!

Build Orders:  

Get SALT Encoding   

  12  0:03  SCV  
  13  0:15  SCV  
  14  0:22  Supply Depot  
  14  0:27  SCV  
  15  0:36  Refinery  
  15  0:44  SCV  
  16  0:55  Barracks  
  16  0:56  SCV  
  17  1:08  SCV  
  18  1:13  Refinery  
  18  1:20  SCV  
  18  1:23  Supply Depot  
  19  1:32  SCV  
  20  1:44  Marine  
  21  2:02  Marine, Barracks  
  22  2:10  Engineering Bay  
  22  2:16  SCV  
  22  2:20  Marine  
  24  2:28  SCV  
  25  2:38  Marine  
  25  2:40  SCV  
  27  2:54  Barracks Tech Lab  
  27  2:56  Marine, Factory  
  28  2:58  SCV  
  29  3:18  Stimpack  
  29  3:23  Command Center  
  28  3:55  Barracks Tech Lab  
  28  3:58  Marine  
  29  4:03  Orbital Command  
  29  4:15  Combat Shield  
  29  4:16  Marine  
  30  4:20  Marine  
  31  4:34  Marine  
  31  4:37  Marine  
  33  4:47  Terran Infantry Weapons Level 1  
  33  4:52  Marine  
  34  4:55  Marine  
  34  4:57  SCV  
  34  4:58  Concussive Shells  
  36  5:03  Factory Tech Lab  
  36  5:09  SCV  
  36  5:10  Marine  
  36  5:13  Marine  
  39  5:20  Starport  
  39  5:21  SCV  
  40  5:29  Siege Tank  
  40  5:31  Marine  
  40  5:34  SCV  
  45  5:37  SCV  
  46  5:48  Armory  
  46  5:49  Planetary Fortress  
  46  5:55  Refinery  
  46  6:27  Fusion Core  
  46  6:41  Terran Infantry Armor Level 1  
  46  6:56  Missile Turret  
  46  7:20  Missile Turret  
  46  7:41  Missile Turret  
  46  7:50  SCV  
  46  7:51  Refinery  
  47  7:55  Starport Tech Lab  
  47  7:57  Weapon Refit  
  47  8:02  SCV  
  47  8:03  Terran Vehicle And Ship Armor Level 1  
  47  8:05  Missile Turret  
  48  8:14  SCV  
  49  8:26  SCV, Missile Turret  
  50  8:34  Battlecruiser  
  50  8:35  Neosteel Armor  
  50  8:38  SCV, Command Center  
  57  9:15  Missile Turret  
  57  9:36  Missile Turret  
  57  9:37  Rapid Reignition System  
  57  9:38  Medivac  
  59  9:57  Terran Vehicle Weapons Level 1  
  59  9:58  Missile Turret  
  59  10:15  Hi-Sec Auto Tracking  
  59  10:19  SCV  
  60  10:24  Missile Turret  
  60  10:28  Refinery  
  60  10:32  SCV  
  60  10:33  Advanced Ballistics  
  61  10:40  Supply Depot  
  61  10:44  SCV  
  61  10:48  Missile Turret  
  62  10:56  SCV  
  63  11:03  Marine  
  63  11:04  Supply Depot  
  64  11:06  Marine  
  64  11:08  SCV  
  64  11:10  Battlecruiser  
  72  11:12  Terran Infantry Weapons Level 2  
  72  11:16  Thor  
  78  11:21  Marine  
  78  11:23  Marine  
  80  11:28  Supply Depot  
  80  11:39  Marine  
  79  11:41  Marine  
  68  11:56  Supply Depot  
  68  11:57  Marine  
  68  11:59  Marine  
  59  12:14  Battlecruiser  
  59  12:15  Marine  
  66  12:17  Marine  
  66  12:19  Supply Depot  
  66  12:22  Thor  
  73  12:32  Marine  
  73  12:35  Marine  
  75  12:49  Refinery  
  75  12:50  Marine  
  76  12:52  Marine  
  77  13:08  Marine  
  77  13:10  Marine  
  79  13:18  Medivac  
  81  13:26  Marine  
  82  13:28  Marine, Siege Tank  
  86  13:44  Marine  
  86  13:46  Marine  
  88  13:48  Battlecruiser  
  94  14:00  Siege Tank  
  94  14:01  Marine  
  98  14:04  Marine  
  99  14:19  Marine  
  99  14:21  Marine  
  54  14:39  Marine  
  54  14:40  Marine  
  56  14:53  Battlecruiser  
  56  14:57  Marine  
  56  14:58  Marine  
  64  15:05  Thor  
  70  15:15  Marine  
  70  15:16  Marine  
  72  15:33  Marine  
  72  15:34  Marine  
  74  15:48  Thor  
  80  15:51  Marine  
  80  15:52  Marine  
  80  15:57  Medivac  
  84  16:08  Marine  
  84  16:09  Marine  
  59  16:27  Medivac  
  61  16:35  Siege Tank  
  64  16:45  Planetary Fortress  
  64  16:57  Battlecruiser  
  70  17:23  Command Center  
  70  17:41  Siege Tank  
  70  17:43  Refinery  
  73  17:51  Refinery  
  73  18:01  Battlecruiser  
  79  18:12  Marine  
  79  18:15  Marine  
  81  18:30  Marine  
  81  18:33  Marine  
  83  18:48  Marine  
  83  18:51  Marine  
  85  19:05  Battlecruiser  
  85  19:06  Marine  
  85  19:08  Marine  
  93  19:24  Marine  
  93  19:26  Marine  
  95  19:37  Thor  
  101  19:42  Marine  
  101  19:44  Marine  
  103  19:59  Marine  
  103  20:02  Marine  
  103  20:10  Battlecruiser  
  109  20:17  Marine  
  109  20:20  Thor  
  113  21:03  Thor  
  119  21:14  Battlecruiser  
  113  21:45  Thor  
Show
View Real Time Build Order
Export as new Build Order

BadBoyRoRo Terran 

Build Orders:  

Get SALT Encoding   

  12  0:03  SCV  
  13  0:24  Supply Depot  
  13  0:26  SCV  
  14  0:38  SCV  
  15  0:51  SCV, Barracks  
  15  0:57  Barracks  
  16  1:03  SCV  
  17  1:07  Refinery  
  17  1:15  SCV  
  18  1:27  SCV  
  19  1:38  Supply Depot, Refinery  
  19  1:39  SCV  
  20  1:47  Marine  
  21  1:57  Barracks Reactor  
  21  2:05  Marine  
  22  2:13  SCV  
  23  2:25  SCV, Factory  
  23  2:27  Barracks Tech Lab  
  24  2:36  Supply Depot  
  24  2:40  SCV  
  25  2:44  Marine x2  
  25  2:48  Combat Shield  
  27  2:52  SCV  
  27  2:56  Marine  
  29  3:04  SCV, Marine x2  
  32  3:10  Starport  
  32  3:14  Factory Reactor  
  32  3:17  Marine  
  33  3:21  Marine  
  34  3:33  Marine  
  35  3:35  Marine  
  36  3:48  Engineering Bay, Marine  
  37  3:51  Marine  
  37  3:52  Marine  
  39  4:06  Factory Tech Lab  
  39  4:17  Supply Depot  
  39  4:22  Terran Infantry Weapons Level 1  
  39  4:39  Medivac x2, Marine x3  
  46  4:52  Supply Depot  
  46  4:57  Marine  
  47  5:02  Armory  
  47  5:14  Marine x2, Siege Tank  
  47  5:15  Supply Depot  
  47  5:18  Marine  
  53  5:31  Marine  
  53  5:33  Marine  
  55  5:36  Marine  
  56  5:46  Siege Tank  
  59  6:00  Viking x2  
  63  6:09  Supply Depot  
  63  6:30  Marine x2  
  50  7:37  Marine x2  
  50  7:43  Command Center  
  52  7:53  Siege Tank  
  52  7:55  Viking x2  
  59  8:02  Terran Vehicle And Ship Armor Level 1  
  59  8:15  Starport  
  59  8:21  Missile Turret  
  59  8:25  Medivac x2, Missile Turret  
  63  8:47  Siege Tank  
  66  8:55  Viking x2  
  66  8:56  Starport Reactor  
  66  8:57  SCV  
  71  9:06  Missile Turret  
  71  9:09  SCV  
  72  9:11  Marine x2  
  74  9:19  Widow Mine  
  74  9:21  SCV  
  77  9:25  Marine  
  77  9:29  Marine  
  79  9:33  Supply Depot  
  79  9:40  Missile Turret, Siege Tank  
  82  9:51  SCV  
  83  9:58  Missile Turret  
  83  10:03  SCV  
  84  10:15  SCV, Siege Tank  
  84  10:18  Terran Ship Weapons Level 1  
  88  10:59  SCV  
  89  11:05  Refinery  
  89  11:10  Viking x2  
  89  11:11  SCV  
  94  11:15  Supply Depot  
  94  11:36  SCV  
  94  11:37  Viking  
  71  12:39  Viking  
  71  12:40  Viking x3  
  79  12:44  Terran Vehicle And Ship Armor Level 2  
  79  12:51  Starport  
  79  12:53  Marine x3  
  82  12:59  Siege Tank  
  82  13:05  Missile Turret  
  85  13:10  Missile Turret  
  85  13:13  Viking x2  
  85  13:14  Viking  
  91  13:20  SCV  
  91  13:24  Refinery  
  92  13:32  SCV  
  93  13:34  Missile Turret  
  93  13:44  SCV  
  94  13:56  SCV  
  93  15:20  SCV  
  94  15:24  Starport Reactor  
  94  15:27  Viking x3  
  100  15:29  Marine x2  
  100  15:35  Supply Depot  
  102  15:56  SCV, Marine  
  93  16:08  SCV  
  90  16:46  Viking x4  
  142  16:47  Viking x2  
  89  18:05  Viking x3  
  95  18:18  Supply Depot  
  95  18:20  Viking  
  95  18:23  Viking  
  91  18:31  Missile Turret  
  85  18:42  Viking x3  
  85  18:43  Viking  
  93  18:56  Missile Turret  
  93  19:05  Viking  
  95  19:10  Supply Depot  
  95  20:02  Command Center  
  95  20:36  Missile Turret  
  78  20:58  Viking x4  
  86  21:07  SCV  
Show
View Real Time Build Order
Export as new Build Order

Covid Terran 

Build Orders:  

Get SALT Encoding   

  12  0:01  SCV  
  13  0:15  SCV  
  14  0:27  SCV  
  15  0:41  Supply Depot  
  15  0:49  Refinery  
  15  0:54  Refinery  
  15  1:04  Supply Depot, Engineering Bay  
  15  1:06  SCV  
  16  1:18  SCV  
  17  1:28  Barracks  
  17  1:30  SCV  
  18  1:42  SCV  
  19  1:51  Barracks  
  19  1:54  SCV  
  20  2:17  Factory  
  20  2:18  Reaper  
  21  2:35  SCV  
  22  2:41  Barracks  
  22  2:48  SCV  
  23  2:56  Reaper  
  23  2:57  Reaper  
  25  3:04  SCV  
  26  3:13  Starport  
  26  3:16  SCV  
  27  3:44  Barracks Reactor, Starport  
  27  3:47  SCV  
  27  3:59  SCV  
  28  4:03  Factory Tech Lab  
  28  4:07  Barracks Reactor  
  28  4:08  Barracks Reactor  
  28  4:11  SCV  
  29  4:23  SCV  
  28  4:43  Medivac  
  30  4:49  SCV  
  30  4:50  Barracks  
  31  5:04  Supply Depot  
  31  5:26  SCV, Medivac, Marine x5  
  39  5:59  Supply Depot  
  39  6:20  SCV, Marine x6  
  39  6:24  Supply Depot  
  46  6:32  SCV  
  47  6:45  Marine x6  
  47  6:46  SCV  
  54  6:58  SCV  
  55  7:10  Marine x2  
  55  7:12  Marine x4  
  55  7:13  SCV, Siege Tank  
  55  7:33  Barracks Reactor  
  55  7:41  Barracks  
  55  7:59  Terran Infantry Weapons Level 1  
  55  8:05  Supply Depot  
  55  8:11  Starport Reactor  
  55  8:26  Marine x5  
  55  8:27  SCV, Medivac  
  63  8:29  Supply Depot  
  63  8:50  SCV, Marine x6  
  63  8:52  Barracks Reactor  
  63  8:53  Barracks  
  70  9:02  SCV  
  71  9:35  Supply Depot  
  71  9:51  Missile Turret  
  71  9:54  Terran Infantry Armor Level 1  
  71  9:56  SCV, Medivac, Marine x2, Siege Tank  
  79  10:44  Sensor Tower  
  79  11:12  Supply Depot  
  79  11:33  Marine x5  
  79  11:34  Marine, Siege Tank  
  79  11:35  SCV, Supply Depot, Marine x3  
  79  11:38  Medivac, Marine x2  
  82  11:47  SCV  
  82  11:51  Marine x5  
  82  11:52  Marine x4  
  81  11:55  Marine x2  
  83  12:09  Marine  
  83  12:10  Marine  
  83  12:13  Marine  
  86  12:32  Marine  
  86  12:33  Marine x6  
  86  12:34  Marine x2  
  95  12:46  Barracks Reactor, Barracks  
  95  13:46  Command Center  
  95  14:01  Barracks Reactor  
  95  14:05  Missile Turret  
  95  14:12  SCV, Marine x2  
  95  14:13  Marine  
  95  14:20  Marine  
  85  14:24  SCV  
  84  14:36  SCV  
  85  14:48  SCV  
  86  14:54  Marine  
  86  14:55  Marine x2  
  89  15:00  SCV  
  55  16:11  Marine  
  55  16:12  Marine  
  57  16:56  Supply Depot, Marine  
  57  16:57  Marine x7  
  57  16:58  Marine x4  
  69  17:04  Supply Depot  
  69  17:23  Refinery x2  
  69  17:39  Marine x6  
  69  17:40  Marine x6  
  81  17:54  Supply Depot  
  81  18:17  Supply Depot  
  81  18:29  Marine x4  
  81  18:30  Marine x6  
  81  18:31  Marine x4  
  95  18:47  Marine x2  
  97  18:56  Marine x2  
  97  18:57  Marine x7  
  97  18:58  Marine  
  107  19:08  Marine  
  107  19:09  Marine x3  
  111  19:15  Supply Depot  
  111  19:21  Supply Depot  
  111  19:53  Supply Depot  
  61  20:17  Marine  
  61  20:18  Marine x6  
  61  20:19  Marine x7  
  75  20:30  Supply Depot  
  75  20:35  Marine x2  
  75  20:36  Marine x6  
  81  20:44  Marine x4  
  81  20:45  Marine x2  
  76  20:54  Supply Depot  
  73  21:02  Marine x6  
  73  21:03  Marine  
  76  21:27  Marine  
  76  21:28  Marine x5  
  76  21:29  Marine  
  76  21:30  Marine x2  
  72  21:50  Marine  
  72  21:51  Marine x6  
  72  21:52  Marine  
Tags
 
Add a new tag
Caveats
  • Supply blocks, unpowered buildings, or Contaminate may cause inaccurate times.
  • Supply counts are checked every 10 seconds.